 Dungeon Crawl Stone Soup version 0.32-a0-43-g058985b245 (webtiles) character file.

Game seed: 4444542997320145098

70024 Ceno the Covert (level 15, -11/121 HPs)
             Began as a Gnoll Delver on Feb 4, 2024.
             Was the Champion of Nemelex Xobeh.
             Killed by divine providence
             ... invoked by a meliai
              (12 damage)
             ... on level 13 of the Dungeon on Feb 5, 2024.
             The game lasted 01:35:48 (24971 turns).

Ceno the Covert (Gnoll Delver)                     Turns: 24971, Time: 01:35:49

Health: -11/121    AC: 20    Str: 14    XL:     15   Next: 31%
Magic:  0/29       EV: 19    Int:  9    God:    Nemelex Xobeh [******]
Gold:   1928       SH: 10    Dex: 22    Spells: 34/34 levels left

rFire   + . .        a - +4 scimitar (flame)
rCold   + . .        E - +2 buckler
rNeg    . . .        V - +0 acid dragon scales
rPois   +            K - +2 helmet of Fiaddif {rPois Dex+3 SInv}
rElec   .            j - +2 cloak
rCorr   +            O - +1 pair of gloves
SInv    +            X - +1 pair of boots
Will    +....        W - amulet of guardian spirit
Stlth   ++++++       U - ring of protection from cold
HPRegen 0.40/turn    z - ring of protection from fire
MPRegen 0.21/turn

%: guardian spirit
@: no status effects
A: fangs 1, strong nose, distributed training
a: Renounce Religion, Draw Escape, Draw Destruction, Draw Summoning, Draw Stack,
Triple Draw, Deal Four, Stack Five


You were on level 13 of the Dungeon.
You worshipped Nemelex Xobeh.
Nemelex Xobeh was exalted by your worship.
You visited 3 branches of the dungeon, and saw 20 of its levels.
You also visited: Bailey.

You collected 2259 gold pieces.
You spent 331 gold pieces at shops.

Inventory:

Hand Weapons
 a - a +4 scimitar of flaming (weapon)
 b - a +0 sling of freezing
 M - a +1 long sword of holy wrath
Missiles
 c - a boomerang
 f - 14 poisoned darts
 u - 81 stones
 w - 14 javelins
 G - a throwing net
 P - 3 curare-tipped darts (quivered)
Armour
 j - a +2 cloak (worn)
 E - a +2 buckler (worn)
 K - the +2 helmet of Fiaddif (worn) {rPois Dex+3 SInv}
   (You found it on level 11 of the Dungeon)

   Dex+3:     It affects your dexterity (+3).
   rPois:     It protects you from poison SInv: It lets you see invisible.
 O - a +1 pair of gloves (worn)
 V - +0 acid dragon scales (worn)
 X - a +1 pair of boots (worn)
Jewellery
 z - a ring of protection from fire (right hand)
 T - a ring of resist corrosion
 U - a ring of protection from cold (left hand)
 W - an amulet of guardian spirit (around neck)
Wands
 g - a wand of digging (3)
 i - a wand of quicksilver (6)
 m - a wand of paralysis (38)
 o - a wand of flame (26)
 C - a wand of iceblast (11)
 N - a wand of mindburst (9)
Scrolls
 e - 2 scrolls of fear
 k - a scroll of brand weapon {unknown}
 l - 4 scrolls of blinking
 p - a scroll of torment {unknown}
 q - 10 scrolls of teleportation
 v - 2 scrolls of enchant weapon
 x - a scroll of identify
 y - 7 scrolls of revelation
 D - a scroll of poison
 F - 2 scrolls of summoning
 I - a scroll of silence {unknown}
 R - 3 scrolls of fog
Potions
 d - 9 potions of curing
 h - a potion of enlightenment
 r - 2 potions of cancellation
 s - 5 potions of brilliance
 t - a potion of might
 A - a potion of lignification {unknown}
 B - 5 potions of magic
 H - 2 potions of invisibility {unknown}
 J - a potion of mutation
 L - 2 potions of resistance {unknown}
 Q - 2 potions of berserk rage {unknown}
 S - 2 potions of degeneration {unknown}
 Y - 3 potions of ambrosia
 Z - a potion of haste


   Skills:
 + Level 12.2 Fighting
 + Level 11.3 Short Blades
 + Level 10.4 Long Blades
 + Level 10.4 Axes
 + Level 10.4 Maces & Flails
 + Level 10.4 Polearms
 + Level 10.4 Staves
 + Level 10.4 Ranged Weapons
 + Level 10.4 Throwing
 + Level 10.4 Armour
 + Level 11.3 Dodging
 + Level 13.9 Stealth
 + Level 10.4 Shields
 + Level 10.4 Unarmed Combat
 + Level 10.4 Spellcasting
 + Level 8.7 Conjurations
 + Level 8.7 Hexes
 + Level 8.7 Summonings
 + Level 8.7 Necromancy
 + Level 8.7 Translocations
 + Level 8.7 Fire Magic
 + Level 8.7 Ice Magic
 + Level 8.7 Air Magic
 + Level 8.7 Earth Magic
 + Level 8.7 Alchemy
 + Level 11.3 Invocations
 + Level 10.4 Evocations
 + Level 9.5 Shapeshifting


You had 34 spell levels left.
You didn't know any spells.
Your spell library contained the following spells:

 Spells                   Type           Power      Damage    Failure   Level
 Freeze                   Ice            80%        1d9       1%          1
 Necrotise                Necr           80%        1d8       1%          1
 Call Imp                 Summ           40%        N/A       1%          2
 Ensorcelled Hibernation  Hex/Ice        40%        N/A       1%          2
 Sublimation of Blood     Necr           20%        N/A       1%          2
 Dazzling Flash           Conj/Hex       40%        N/A       1%          3
 Frozen Ramparts          Ice            40%        1d7       1%          3
 Hailstorm                Conj/Ice       20%        3d7       1%          3
 Mephitic Cloud           Conj/Alch/Air  20%        N/A       1%          3
 Passwall                 Erth           20%        N/A       1%          3
 Swiftness                Air            20%        N/A       1%          3
 Vampiric Draining        Necr           20%        2d7       1%          3
 Anguish                  Hex/Necr       10%        N/A       6%          4
 Animate Dead             Necr           20%        N/A       6%          4
 Cause Fear               Hex            10%        N/A       6%          4
 Martyr's Knell           Necr/Summ      20%        N/A       6%          4
 Passage of Golubria      Tloc           20%        N/A       6%          4
 Borgnjor's Vile Clutch   Necr/Erth      10%        N/A       17%         5
 Curse of Agony           Necr           20%        N/A       17%         5
 Silence                  Hex/Air        10%        N/A       17%         5
 Death Channel            Necr           10%        N/A       67%         6
 Enfeeble                 Hex            10%        N/A       99%         7
 Summon Hydra             Summ           10%        N/A       99%         7
 Lehudib's Crystal Spear  Conj/Erth      10%        10d4      100%        8


Dungeon Overview and Level Annotations

Branches:
Dungeon (14/15)            Temple (1/1) D:4            Lair (5/5) D:9
 Shoals (0/4) Lair:3       Spider (0/4) Lair:2          Orc (0/2) D:12
 Bailey (visited)
  Slime: Lair:4-5    Vaults: D:13-14

Altars:
Ashenzari
Cheibriados
Dithmenos
Elyvilon
Fedhas
Gozag
Hepliaklqana
Kikubaaqudgha
Makhleb
Nemelex Xobeh
Okawaru
Qazlal
Ru
Sif Muna
Trog
Uskayaw
Vehumet
Wu Jian
Xom
Yredelemnul
Zin
The Shining One

Shops:
D:6 !(   D:13 :

Portals:
Trove: D:10 (give 2 scrolls of acquirement)

Annotations:
D:4 Edmund
D:6 exclusion: 2 doors, Menkaure
Lair:2 Urug
Lair:5 exclusion: dire elephant


Innate Abilities, Weirdness & Mutations

You have very sharp teeth.
Your uncanny sense of smell can sniff out nearby items.
Your experience applies equally to all skills.


Message History

You hit the meliai. You burn the meliai.
The meliai is severely wounded.
The meliai calls upon its god to heal the meliai.
The meliai is healed somewhat.
You block the meliai's attack. The meliai closely misses you.
The meliai completely misses you.
The meliai stings you but does no damage.
Unknown command.
You slice the meliai!! You burn the meliai!
You kill the meliai!
The meliai misses you. x2
You barely miss the meliai. Your bite misses the meliai. The meliai misses you.
The meliai stings you.
* * * LOW HITPOINT WARNING * * *
The meliai barely misses you. You block the meliai's attack.
You closely miss the meliai. The meliai hits you with a +0 war axe.
* * * LOW HITPOINT WARNING * * *
The meliai barely misses you. The meliai completely misses you.
The meliai stings you but does no damage.
You slash the meliai! You burn the meliai.
The meliai is severely wounded.
The meliai hits you with a +0 war axe.
* * * LOW HITPOINT WARNING * * *
You block the meliai's attack. The meliai barely misses you.
The meliai stings you but does no damage.
You barely miss the meliai. You bite the meliai.
The meliai is almost dead.
The meliai barely misses you. x2
You closely miss the meliai.
The meliai is almost dead.
The meliai invokes the aid of its god against you.
Something smites you!
* * * LOW HITPOINT WARNING * * *
You block the meliai's attack.
The meliai stings you but does no damage.
You hit the meliai. You burn the meliai.
The meliai is almost dead.
The meliai calls down the wrath of its god upon you.
Something smites you!
You die...
Your body glows slightly and disappears.

##.#......### #.......
####.######## ##......
####....# ##.....
#.......## ##....
#........# #..Q.
#......#)## ##...
#########.#### ##.. #.#..#
##. ###..@.## #.
##...)y..# #. ##..[.....##
## ##..........# ##
#....)......## ####.
##...(........# ####....
#.............#####.....##
#.......>............#####
#.................#####...


You could see a meliai.

Vanquished Creatures
  Azrael (D:13)
  Snorg (D:13)
  3 hydras
  A boulder beetle (Lair:3)
  7 two-headed ogres
  A tengu warrior (D:13)
  12 death yaks
  2 orc high priests (Bailey)
  Sonja (Lair:5)
  Nergalle (Lair:2)
  A skyshark (Lair:5)
  A sea snake (Lair:5)
  3 skeletal warriors (D:12)
  An arcanist (Lair:5)
  An orc knight (D:12)
  A deep elf pyromancer (D:13)
  A wolf spider (Lair:4)
  4 ugly things
  3 elephants (Lair:5)
  3 cyclopes
  A meliai (D:13)
  5 black mambas
  3 torpor snails
  Jeremiah (D:8)
  8 rime drakes
  13 cane toads
  2 kobold demonologists (D:13)
  2 unseen horrors
  11 komodo dragons
  A tengu conjurer (D:13)
  3 trolls
  A polar bear (Lair:3)
  A hornet (Lair:3)
  9 blink frogs
  4 wyverns
  A wraith (D:12)
  4 slime creatures (D:14)
  A shadow (D:12)
  A water elemental (D:12)
  Eustachio (D:5)
  2 basilisks
  66 yaks
  3 vampire mosquitoes (D:13)
  A vampire (D:10)
  2 fire elementals (D:13)
  2 acid dragons
  3 hell hounds
  16 water moccasins
  4 ice beasts (D:9)
  A black bear (D:3)
  10 orc warriors
  A sky beast (D:8)
  2 ogres
  30 wolves
  6 centaurs
  4 phantoms
  Blork the orc (D:5)
  3 kobold brigands
  7 bullfrogs
  4 gnoll sergeants
  5 scorpions
  7 wights
  5 electric eels (Bailey)
  4 howler monkeys (D:13)
  4 bombardier beetles
  2 jellies
  Crazy Yiuf (D:4)
  8 orc priests
  A gnoll bouda (D:5)
  3 hounds
  2 sleepcaps
  10 orc wizards
  Ijyb (D:5)
  2 iguanas
  6 hell rats
  Robin (D:3)
  26 gnolls
  4 adders
  A white imp (D:7)
  4 ufetubi
  7 ribbon worms
  5 dart slugs
  46 orcs
  8 bats
  4 endoplasms
  3 giant cockroaches (Lair:2)
  23 goblins
  15 hobgoblins
  4 quokkas
  7 ball pythons
  A frilled lizard (D:3)
  8 kobolds
  5 rats
523 creatures vanquished.

Vanquished Creatures (collateral kills)
  A hydra (Lair:5)
  Maurice (D:10)
  An elephant (Lair:5)
  A rime drake (Lair:5)
4 creatures vanquished.

Grand Total: 527 creatures vanquished

Notes
Turn   | Place    | Note
-------+----------+-------------------------------------------
     0 | D:5      | Reached skill level 9 in Stealth
     0 | D:5      | Ceno the Gnoll Delver began the quest for the Orb.
     0 | D:5      | Reached XP level 1. HP: 23/23 MP: 1/1
    18 | D:5      | Noticed a phantom
    73 | D:5      | Noticed an ogre
    75 | D:5      | HP: 1/23 [ogre/+0 giant club (22)]
    76 | D:5      | Killed an ogre
    77 | D:5      | Reached skill level 1 in Long Blades
    77 | D:5      | Reached skill level 1 in Axes
    77 | D:5      | Reached skill level 1 in Maces & Flails
    77 | D:5      | Reached skill level 1 in Polearms
    77 | D:5      | Reached skill level 1 in Staves
    77 | D:5      | Reached skill level 1 in Ranged Weapons
    77 | D:5      | Reached skill level 1 in Throwing
    77 | D:5      | Reached skill level 1 in Armour
    77 | D:5      | Reached skill level 1 in Shields
    77 | D:5      | Reached skill level 1 in Unarmed Combat
    77 | D:5      | Reached skill level 1 in Spellcasting
    77 | D:5      | Reached skill level 1 in Conjurations
    77 | D:5      | Reached skill level 1 in Hexes
    77 | D:5      | Reached skill level 1 in Summonings
    77 | D:5      | Reached skill level 1 in Necromancy
    77 | D:5      | Reached skill level 1 in Translocations
    77 | D:5      | Reached skill level 1 in Fire Magic
    77 | D:5      | Reached skill level 1 in Ice Magic
    77 | D:5      | Reached skill level 1 in Air Magic
    77 | D:5      | Reached skill level 1 in Earth Magic
    77 | D:5      | Reached skill level 1 in Alchemy
    77 | D:5      | Reached skill level 1 in Invocations
    77 | D:5      | Reached skill level 1 in Evocations
    77 | D:5      | Reached skill level 1 in Shapeshifting
    77 | D:5      | Reached XP level 2. HP: 2/29 MP: 1/3
    77 | D:5      | Reached XP level 3. HP: 2/35 MP: 1/4
    77 | D:5      | Reached XP level 4. HP: 2/41 MP: 1/5
    88 | D:5      | Noticed a centaur
   238 | D:4      | Noticed a scorpion
   262 | D:5      | Killed a centaur
   263 | D:5      | Reached XP level 5. HP: 42/47 MP: 5/7
   293 | D:5      | Found a glowing golden altar of the Shining One.
   322 | D:5      | Noticed Blork the orc
   334 | D:5      | Found a sparkling altar of Nemelex Xobeh.
   336 | D:5      | Killed Blork the orc
   337 | D:5      | Reached XP level 6. HP: 53/53 MP: 8/8
   346 | D:5      | Became a worshipper of Nemelex Xobeh the Trickster
   472 | D:5      | Reached skill level 5 in Short Blades
   472 | D:5      | Reached skill level 5 in Dodging
   480 | D:5      | Noticed Eustachio
   803 | D:3      | Found a faded altar of an unknown god.
   849 | D:2      | Reached * piety under Nemelex Xobeh
  1658 | D:1      | Received a gift from Nemelex Xobeh
  2194 | D:2      | Reached ** piety under Nemelex Xobeh
  2312 | D:3      | Noticed Robin
  2356 | D:3      | Reached XP level 7. HP: 45/59 MP: 10/10
  2360 | D:3      | Killed Robin
  2938 | D:4      | Found a runed translucent door.
  2939 | D:4      | Noticed Crazy Yiuf
  2946 | D:4      | Killed Crazy Yiuf
  2994 | D:4      | Reached skill level 10 in Stealth
  3017 | D:4      | Noticed Edmund
  3073 | D:4      | Found a stormy altar of Qazlal.
  3091 | D:4      | Reached XP level 8. HP: 61/67 MP: 12/12
  3200 | D:4      | Found a staircase to the Ecumenical Temple.
  3206 | Temple   | Entered the Ecumenical Temple
  3367 | D:5      | Killed Eustachio
  3504 | D:5      | Noticed Ijyb
  3509 | D:5      | Identified the +2 robe "Awaod" {Harm Regen+ Dex-5 Archmagi}
  3554 | D:5      | Paralysed by Ijyb for 3 turns
  3561 | D:5      | Killed Ijyb
  4154 | D:6      | Reached XP level 9. HP: 73/73 MP: 14/14
  4196 | D:6      | Noticed Menkaure
  4216 | D:6      | Found Ohoinwu's Hydra Hut.
  4217 | D:6      | Noticed an eight-headed hydra
  4493 | D:6      | Found Ufrixapsu's Distillery.
  5019 | D:7      | Found a flagged portal.
  5034 | D:7      | Identified the +2 hand axe of the Shrinking Gods {freeze,
                  | rPois rN+ rCorr Int+3}
  5040 | Bailey   | Entered a bailey
  5040 | Bailey   | Reached *** piety under Nemelex Xobeh
  5247 | Bailey   | Acquired 1010 gold pieces
  5297 | Bailey   | Noticed an orc high priest
  5587 | Bailey   | Noticed an orc knight
  5588 | Bailey   | an orc knight changed into a rime drake
  5588 | Bailey   | Noticed a rime drake
  5606 | Bailey   | Killed a rime drake
  5607 | Bailey   | Reached skill level 5 in Invocations
  5676 | Bailey   | Killed an orc high priest
  5677 | Bailey   | Reached skill level 5 in Long Blades
  5677 | Bailey   | Reached skill level 5 in Axes
  5677 | Bailey   | Reached skill level 5 in Maces & Flails
  5677 | Bailey   | Reached skill level 5 in Polearms
  5677 | Bailey   | Reached skill level 5 in Staves
  5677 | Bailey   | Reached skill level 5 in Ranged Weapons
  5677 | Bailey   | Reached skill level 5 in Throwing
  5677 | Bailey   | Reached skill level 5 in Armour
  5677 | Bailey   | Reached skill level 5 in Shields
  5677 | Bailey   | Reached skill level 5 in Unarmed Combat
  5677 | Bailey   | Reached skill level 5 in Spellcasting
  5677 | Bailey   | Reached skill level 5 in Evocations
  5677 | Bailey   | Reached XP level 10. HP: 82/82 MP: 17/17
  5690 | Bailey   | Found an iron altar of Okawaru.
  5690 | Bailey   | Noticed an orc high priest
  5694 | Bailey   | Killed an orc high priest
  5695 | Bailey   | Reached skill level 11 in Stealth
  5705 | Bailey   | Identified the scarf of the Big Bang {+Inv, Will+ rCorr}
  5752 | Bailey   | Reached skill level 5 in Conjurations
  5752 | Bailey   | Reached skill level 5 in Hexes
  5752 | Bailey   | Reached skill level 5 in Summonings
  5752 | Bailey   | Reached skill level 5 in Necromancy
  5752 | Bailey   | Reached skill level 5 in Translocations
  5752 | Bailey   | Reached skill level 5 in Fire Magic
  5752 | Bailey   | Reached skill level 5 in Ice Magic
  5752 | Bailey   | Reached skill level 5 in Air Magic
  5752 | Bailey   | Reached skill level 5 in Earth Magic
  5752 | Bailey   | Reached skill level 5 in Alchemy
  5752 | Bailey   | Reached XP level 11. HP: 89/89 MP: 17/20
  5942 | D:7      | Received a gift from Nemelex Xobeh
  6614 | D:7      | Found a burning altar of Makhleb.
  6902 | D:8      | Received a gift from Nemelex Xobeh
  6922 | D:8      | Noticed Jeremiah
  6926 | D:8      | Killed Jeremiah
  7916 | D:9      | Noticed a two-headed ogre
  7933 | D:8      | Killed a two-headed ogre
  8446 | D:9      | Found a staircase to the Lair.
  9130 | D:9      | Received a gift from Nemelex Xobeh
  9140 | D:9      | Found a shimmering blue altar of Sif Muna.
  9141 | D:9      | Found a sacrificial altar of Ru.
  9142 | D:9      | Found an ornate altar of the Wu Jian Council.
  9143 | D:9      | Found a bloodstained altar of Trog.
  9232 | D:6      | Bought a +2 great sword of flaming for 331 gold pieces
  9321 | D:10     | Entered Level 10 of the Dungeon
  9469 | D:10     | Noticed a two-headed ogre
  9478 | D:10     | Killed a two-headed ogre
  9479 | D:10     | Reached XP level 12. HP: 90/97 MP: 19/22
  9480 | D:10     | Noticed Maurice
  9565 | D:10     | Something stole the +2 hand axe of the Shrinking Gods
                  | {freeze, rPois rN+ rCorr Int+3}
  9601 | D:10     | Something stole a ring of resist corrosion
  9605 | D:10     | Killed Maurice
  9606 | D:10     | Reached skill level 12 in Stealth
  9805 | D:10     | Reached **** piety under Nemelex Xobeh
  9896 | D:10     | Found a portal to a secret trove of treasure.
  9906 | D:10     | Noticed a two-headed ogre
  9914 | D:10     | Killed a two-headed ogre
 10025 | Lair:1   | Entered Level 1 of the Lair of Beasts
 10042 | Lair:1   | Reached skill level 10 in Fighting
 11043 | Lair:1   | Received a gift from Nemelex Xobeh
 11814 | Lair:2   | Noticed Urug
 12056 | Lair:2   | Received a gift from Nemelex Xobeh
 12175 | Lair:2   | Noticed Nergalle
 12458 | Lair:2   | Found a hole to the Spider Nest.
 12763 | Lair:2   | Killed Nergalle
 12764 | Lair:2   | Reached ***** piety under Nemelex Xobeh
 13066 | Lair:3   | Reached XP level 13. HP: 81/104 MP: 21/25
 13306 | Lair:3   | Received a gift from Nemelex Xobeh
 14058 | Lair:3   | Found a staircase to the Shoals.
 14783 | Lair:4   | Reached skill level 10 in Short Blades
 14783 | Lair:4   | Reached skill level 10 in Dodging
 14984 | Lair:4   | Received a gift from Nemelex Xobeh
 15441 | Lair:4   | Reached skill level 13 in Stealth
 15737 | Lair:4   | Received a gift from Nemelex Xobeh
 15801 | Lair:4   | Reached skill level 10 in Invocations
 16029 | Lair:4   | Reached XP level 14. HP: 113/113 MP: 27/27
 16793 | Lair:5   | Entered Level 5 of the Lair of Beasts
 16807 | Lair:5   | Noticed Sonja
 17421 | Lair:5   | Killed Sonja
 17706 | Lair:5   | Received a gift from Nemelex Xobeh
 19317 | Lair:5   | Noticed a dire elephant
 19350 | Lair:5   | Found a burning altar of Makhleb.
 20552 | D:11     | Received a gift from Nemelex Xobeh
 20779 | D:11     | Identified the +5 trident of Friendship {freeze, ^Drain
                  | Int+3 SInv}
 20934 | D:11     | Identified the +2 helmet of Fiaddif {rPois Dex+3 SInv}
 21297 | D:11     | Reached skill level 10 in Long Blades
 21297 | D:11     | Reached skill level 10 in Axes
 21297 | D:11     | Reached skill level 10 in Maces & Flails
 21297 | D:11     | Reached skill level 10 in Polearms
 21297 | D:11     | Reached skill level 10 in Staves
 21297 | D:11     | Reached skill level 10 in Ranged Weapons
 21297 | D:11     | Reached skill level 10 in Throwing
 21297 | D:11     | Reached skill level 10 in Armour
 21297 | D:11     | Reached skill level 10 in Shields
 21297 | D:11     | Reached skill level 10 in Unarmed Combat
 21297 | D:11     | Reached skill level 10 in Spellcasting
 21297 | D:11     | Reached skill level 10 in Evocations
 21896 | D:12     | Received a gift from Nemelex Xobeh
 22476 | D:12     | Reached XP level 15. HP: 120/120 MP: 29/29
 23136 | D:12     | Found a staircase to the Orcish Mines.
 23473 | D:13     | Noticed Azrael
 23537 | D:13     | Killed Azrael
 23803 | D:13     | Reached ****** piety under Nemelex Xobeh
 23866 | D:13     | Noticed Snorg
 23881 | D:13     | Killed Snorg
 24498 | D:13     | Found Ponyut's Book Shop.
 24921 | D:14     | Received a gift from Nemelex Xobeh
 24955 | D:13     | HP: 5/121 [meliai/divine providence (10)]
 24970 | D:13     | HP: 1/121 [meliai/divine providence (10)]
 24971 | D:13     | Killed from afar by a meliai

Illustrated notes

Levels and vault maps discovered:
D:1:      beargit_arrival_diablo_church, layout_basic
D:2:      layout_basic
D:3:      layout_basic, nicolae_ecumenical_pavilion, uniq_robin
D:4:      layout_basic, mainiacjoe_overflow_cross_hatched,
          minmay_temple_entry_enclosed_plants, uniq_crazy_yiuf_cottage,
          uniq_edmund
D:5:      layout_loops_ring, nemelex_xobeh_ov_fountains_minmay,
          mainiacjoe_overflow_alcove_2, guppyfry_early_orc_mine,
          uniq_blork_the_orc, uniq_eustachio, uniq_ijyb
D:6:      layout_basic, serial_shops, nicolae_shop_rolling_square,
          doesnt_shop_hydraphobe, uniq_menkaure
D:7:      layout_basic, mainiacjoe_overflow_tiny_flanked, serial_curves,
          eino_curves_01, eino_curves_02, enter_bailey_2
D:8:      layout_basic, uniq_jeremiah
D:9:      layout_basic, mainiacjoe_overflow_alcove_3, hellmonk_lair_entry_icy
D:10:     layout_rooms, enter_trove_2, st_stairs_4, uniq_maurice
D:11:     layout_basic
D:12:     layout_basic, erik_orc_2
D:13:     layout_cave_pods, serial_shops, nicolae_shop_tiny_real_fake_doors,
          uniq_snorg, uniq_azrael
D:14:     layout_long_grid, lightli_vaults_fourway_checkpoint,
          kiku_gazebo_garden_becter
Temple:   jpeg_temple_clearing
Lair:1:   layout_gridlike, enter_volcano_2
Lair:2:   layout_cave_pods, nicolae_spider_entry_non_spiders,
          infiniplex_staircase_pool_2, uniq_urug, uniq_nergalle
Lair:3:   layout_chaotic_city, shoals_dummy_entry, beast_lair_carwin_3
Lair:4:   layout_small_grid, serial_forest, infiniplex_forest_3_way,
          infiniplex_forest_lined_3, infiniplex_forest_fountain,
          infiniplex_forest_lined_ring, infiniplex_forest_clump_cross,
          infiniplex_forest_clump_double, infiniplex_forest_end_2,
          infiniplex_forest_clump_diagonal, infiniplex_forest_end_3,
          nicolae_lair_run_with_the_wolves
Lair:5:   evil_forest, layout_cave_pods, slime_entry_2, grunt_megastairs_2,
          uniq_sonja

Skill      XL: |  1  2  3  4  5  6  7  8  9 10 11 12 13 14 |
---------------+-------------------------------------------+-----
Stealth        | 10 11 12 13 | 13.9
Long Blades    | 1 2 3 5 6 7 8 9 10 | 10.4
Axes           | 1 2 3 5 6 7 8 9 10 | 10.4
Maces & Flails | 1 2 3 5 6 7 8 9 10 | 10.4
Polearms       | 1 2 3 5 6 7 8 9 10 | 10.4
Staves         | 1 2 3 5 6 7 8 9 10 | 10.4
Ranged Weapons | 1 2 3 5 6 7 8 9 10 | 10.4
Throwing       | 1 2 3 5 6 7 8 9 10 | 10.4
Armour         | 1 2 3 5 6 7 8 9 10 | 10.4
Shields        | 1 2 3 5 6 7 8 9 10 | 10.4
Unarmed Combat | 1 2 3 5 6 7 8 9 10 | 10.4
Spellcasting   | 1 2 3 5 6 7 8 9 10 | 10.4
Conjurations   | 1 2 3 4 5 6 7 8 |  8.7
Hexes          | 1 2 3 4 5 6 7 8 |  8.7
Summonings     | 1 2 3 4 5 6 7 8 |  8.7
Necromancy     | 1 2 3 4 5 6 7 8 |  8.7
Translocations | 1 2 3 4 5 6 7 8 |  8.7
Fire Magic     | 1 2 3 4 5 6 7 8 |  8.7
Ice Magic      | 1 2 3 4 5 6 7 8 |  8.7
Air Magic      | 1 2 3 4 5 6 7 8 |  8.7
Earth Magic    | 1 2 3 4 5 6 7 8 |  8.7
Alchemy        | 1 2 3 4 5 6 7 8 |  8.7
Invocations    | 1 2 3 4 5 7 8 9 10 11 | 11.3
Evocations     | 1 2 3 5 6 7 8 9 10 | 10.4
Shapeshifting  | 1 2 3 4 6 7 8 9 |  9.5
Short Blades   | 5 6 8 9 10 11 | 11.3
Dodging        | 5 6 8 9 10 11 | 11.3
Fighting       | 7 8 9 10 11 12 | 12.2

Action                     |  1- 3 |  4- 6 |  7- 9 | 10-12 | 13-15 || total
---------------------------+-------+-------+-------+-------+-------++-------
  Melee: Short sword       |     2 |    72 |       |       |       ||    74
         Long sword        |       |    69 |   191 |   547 |  1204 ||  2011
         Dagger            |       |    16 |    23 |    72 |       ||   111
         Bite              |       |    12 |    26 |    84 |   208 ||   330
         Punch             |       |     1 |    10 |    24 |       ||    35
         Hand axe          |       |       |    65 |    17 |       ||    82
         Scimitar          |       |       |       |       |   109 ||   109
   Fire: Sling             |       |       |       |    66 |    87 ||   153
  Throw: Dart              |       |       |    52 |    66 |   215 ||   333
         Stone             |       |       |     1 |     2 |       ||     3
         Boomerang         |       |       |       |     6 |    37 ||    43
         Javelin           |       |       |       |     1 |     5 ||     6
 Invoke: Draw Destruction  |       |       |     1 |     1 |    14 ||    16
         Draw Summoning    |       |       |       |     1 |     2 ||     3
         Draw Escape       |       |       |       |       |     5 ||     5
         Draw Stack        |       |       |       |       |     2 ||     2
         Stack Five        |       |       |       |       |     1 ||     1
  Evoke: Wand              |       |       |     4 |     2 |       ||     6
    Use: Scroll            |       |     1 |     8 |     9 |     9 ||    27
         Potion            |       |     1 |       |     1 |     3 ||     5
   Stab: Sleeping          |     1 |    16 |    16 |    10 |     3 ||    46
         Distracted        |       |     1 |       |     3 |     2 ||     6
         Invisible         |       |       |       |     1 |       ||     1
         Petrifying        |       |       |       |     1 |       ||     1
 Armour: Leather armour    |     1 |    70 |    51 |       |       ||   122
         Ring mail         |       |       |    57 |   323 |   362 ||   742
         Scale mail        |       |       |       |       |    51 ||    51
         Plate armour      |       |       |       |       |    32 ||    32
         Acid dragon scale |       |       |       |       |   141 ||   141
  Dodge: Dodged            |       |   131 |   221 |   689 |   986 ||  2027
  Block: Buckler           |       |       |       |    22 |   493 ||   515

Table legend: (Time is in decaauts)
 A = Elapsed time spent in this place.
 B = Non-inter-level travel time spent in this place.
 C = Inter-level travel time spent in this place.
 D = Time resting spent in this place.
 E = Time spent auto-exploring this place.
 F = Levels seen in this place.
 G = Mean time per level.
                   A        B        C        D        E       F      G
               +--------+--------+--------+--------+--------+-----+--------+
         Total |  24831 |  23645 |   1186 |   3695 |  11199 |  21 | 1182.4 |
       Dungeon |  14344 |  13452 |    892 |   1661 |   6574 |  14 | 1024.6 |
        Temple |      1 |      1 |      0 |      0 |      0 |   1 |    1.0 |
          Lair |   9579 |   9286 |    293 |   1806 |   4450 |   5 | 1915.8 |
        Bailey |    905 |    905 |      0 |    228 |    174 |   1 |  905.0 |
               +--------+--------+--------+--------+--------+-----+--------+

Top non-repeatable levels by time:
  Lair:4: 2354 daAuts
  Lair:5: 2302 daAuts
  Lair:3: 1963 daAuts
    D:11: 1598 daAuts
  Lair:2: 1492 daAuts
  Lair:1: 1466 daAuts
    D:13: 1426 daAuts
     D:9: 1426 daAuts
    D:12: 1361 daAuts
     D:8: 1177 daAuts
     D:7: 1112 daAuts
     D:6: 1104 daAuts
    D:10: 936 daAuts
  Bailey: 905 daAuts
     D:5: 894 daAuts
